 Dungeon Crawl Stone Soup version 0.30-a0-613-gdd512c7efb (webtiles) character file.

Game seed: 8714794984050548153

105 dracfodder the Digger (level 4, 0/22 HPs)
             Began as a Gargoyle Earth Elementalist on Jan 8, 2023.
             Blown up by Ijyb (1 damage)
             ... with a mindburst bolt
             ... on level 5 of the Dungeon.
             The game lasted 00:12:15 (1935 turns).

dracfodder the Digger (Gargoyle Earth Elementalist) Turns: 1935, Time: 00:12:16

Health: 0/22       AC: 12    Str: 13    XL:     4   Next: 81%
Magic:  3/8        EV: 11    Int: 21    God:
Gold:   165        SH:  0    Dex: 10    Spells: 3/9 levels left

rFire   . . .      SeeInvis .    a - +4 sling of the Cup {flame, Will+}
rCold   . . .      Faith    .    (no shield)
rNeg    + . .      Spirit   .    k - +1 leather armour of Sypsad {Str+2 Int+3}
rPois   ∞          Reflect  .    n - +0 helmet
rElec   +          Harm     .    j - +0 cloak
rCorr   .          Rampage  .    (no gloves)
Will    +....                    l - +0 pair of boots
Stlth   ++                       (no amulet)
HPRegen 0.23/turn                (no ring)
MPRegen 0.11/turn                (no ring)

@: no status effects
A: sickness immunity, AC +3, negative energy resistance 1, electricity
resistance, torment resistance 1, petrification resistance, iridescent scales 1,
frail 1, screaming 1
a: no special abilities


You were on level 5 of the Dungeon.
You visited 1 branch of the dungeon, and saw 5 of its levels.

You collected 165 gold pieces.

Inventory:

Hand Weapons
 a - the +4 sling of the Cup (weapon) {flame, Will+}
   (You found it on level 2 of the Dungeon)

   Will:      It increases your willpower.
 b - a +0 hand axe
 g - a +2 sling of freezing
 i - a +3 dagger
Missiles
 f - 15 stones
Armour
 j - a +0 cloak (worn)
 k - the +1 leather armour of Sypsad (worn) {Str+2 Int+3}
   (You found it on level 2 of the Dungeon)

   Str:       It affects your strength (+2).
   Int:       It affects your intelligence (+3).
 l - a +0 pair of boots (worn)
 n - a +0 helmet (worn)
Scrolls
 c - 2 scrolls of identify
Potions
 d - a potion of cancellation
 o - a potion of brilliance


   Skills:
 + Level 1.0 Fighting
 + Level 1.1 Ranged Weapons
 + Level 0.8 Armour
 + Level 1.7 Dodging
 + Level 2.2 Stealth
 + Level 3.0 Spellcasting
 + Level 0.8 Transmutations
 + Level 4.8 Earth Magic


You had 3 spell levels left.
You knew the following spells:

 Your Spells              Type           Power      Damage    Failure   Level
a - Sandblast             Erth           46%        2d11      2%          1
b - Passwall              Tmut/Erth      12%        N/A       8%          2
c - Stone Arrow           Conj/Erth      26%        3d8       19%         3

Your spell library contained the following spells:

 Spells                   Type           Power      Damage    Failure   Level
 Summon Guardian Golem    Hex/Summ       3%         N/A       45%         3
 Tukima's Dance           Hex            3%         N/A       45%         3
 Petrify                  Tmut/Erth      15%        N/A       45%         4
 Passage of Golubria      Tloc           3%         N/A       86%         4
 Yara's Violent Unravell  Hex/Tmut       2%         3d3       99%         5
 Orb of Destruction       Conj           1%         9d5       100%        7
 Spellforged Servitor     Conj/Summ      1%         N/A       100%        7


Dungeon Overview and Level Annotations

Branches:
Dungeon (6/15)
 Temple: D:4-7

Altars:
Cheibriados

Annotations:
D:5 Ijyb


Innate Abilities, Weirdness & Mutations

You are immune to sickness and miasma.
Your stone body is resilient. (AC +3)
You are immune to poison.
You resist negative energy. (rN+)
You are resistant to electric shocks. (rElec)
You are resistant to unholy torment.
You are immune to petrification.
You are partially covered in iridescent scales. (AC +2)
You are frail. (-10% HP)
You occasionally shout uncontrollably at your foes.


Message History

Ijyb is almost dead.
The scorpion completely misses you. Ijyb hits you but does no damage.
The scorpion stings you but does no damage.
Ijyb hits you but does no damage.
Aiming: Sandblast (safe; 2% risk of failure)
Press: ? - help, Q - select action, (/) - cycle Shift-Dir - straight line, f/p - Ijyb
Aim: Ijyb, wielding a +0 club, wearing a +0 ring mail of poison resistance and carrying a wand of mindburst (6) (almost dead, 81% to hit)
The blast of sand hits Ijyb but does no damage.
Ijyb is almost dead.
The scorpion barely misses you.
Ijyb zaps a wand.
You resist with some effort.
Aiming: Sandblast (safe; 2% risk of failure)
Press: ? - help, Q - select action, (/) - cycle Shift-Dir - straight line, f/p - Ijyb
Aim: Ijyb, wielding a +0 club, wearing a +0 ring mail of poison resistance and carrying a wand of mindburst (5) (almost dead, 81% to hit)
The blast of sand hits Ijyb but does no damage.
Ijyb is almost dead.
The scorpion misses you. Ijyb hits you but does no damage.
The scorpion barely misses you. Ijyb hits you but does no damage.
Aiming: Sandblast (safe; 2% risk of failure)
Press: ? - help, Q - select action, (/) - cycle Shift-Dir - straight line, f/p - Ijyb
Aim: Ijyb, wielding a +0 club, wearing a +0 ring mail of poison resistance and carrying a wand of mindburst (5) (almost dead, 81% to hit)
The blast of sand hits Ijyb but does no damage.
Ijyb is almost dead.
The scorpion misses you. Ijyb hits you but does no damage.
The scorpion stings you.
* * * LOW HITPOINT WARNING * * *
Aiming: Sandblast (safe; 2% risk of failure)
Press: ? - help, Q - select action, (/) - cycle Shift-Dir - straight line, f/p - Ijyb
Aim: Ijyb, wielding a +0 club, wearing a +0 ring mail of poison resistance and carrying a wand of mindburst (5) (almost dead, 81% to hit)
The blast of sand hits Ijyb but does no damage.
Ijyb is almost dead.
The scorpion stings you but does no damage.
Ijyb closely misses you. The scorpion closely misses you.
Ijyb zaps a wand.
You resist with some effort.
Aiming: Sandblast (safe; 2% risk of failure)
Press: ? - help, Q - select action, (/) - cycle Shift-Dir - straight line, f/p - Ijyb
Aim: Ijyb, wielding a +0 club, wearing a +0 ring mail of poison resistance and carrying a wand of mindburst (4) (almost dead, 81% to hit)
The blast of sand hits Ijyb but does no damage.
Ijyb is almost dead.
The scorpion misses you.
Ijyb zaps a wand.
Your mind is blasted!
You die...

#+#.#
###...##
#[.....+
#......##
#.......#
+.......#
#..s....#
#..@...#
#.g....+
###...##
#+#.# ##


You could see Ijyb and a scorpion.

Vanquished Creatures
  A mummy (D:3)
  2 adders
  4 gnolls (D:2)
  2 worms (D:2)
  A bat (D:1)
  3 endoplasms
  A giant cockroach (D:1)
  5 goblins
  A hobgoblin (D:2)
  2 jackals (D:2)
  A quokka (D:2)
  3 ball pythons
  A frilled lizard (D:2)
  5 kobolds
  A rat (D:2)
33 creatures vanquished.

Notes
Turn   | Place    | Note
-------+----------+-------------------------------------------
     0 | D:1      | dracfodder the Gargoyle Earth Elementalist began the quest
                  | for the Orb.
     0 | D:1      | Reached XP level 1. HP: 10/10 MP: 3/3
   312 | D:1      | Reached skill level 4 in Earth Magic
   399 | D:1      | Reached XP level 2. HP: 15/15 MP: 3/5
   402 | D:1      | Learned a level 2 spell: Passwall
  1060 | D:2      | Identified the +1 leather armour of Sypsad {Str+2 Int+3}
  1159 | D:2      | Reached XP level 3. HP: 19/19 MP: 3/6
  1165 | D:2      | Learned a level 3 spell: Stone Arrow
  1278 | D:2      | Gained mutation: You have hidden genetic defects. [potion
                  | of mutation]
  1278 | D:2      | Gained mutation: You are partially covered in iridescent
                  | scales. (AC +2) [potion of mutation]
  1321 | D:2      | Gained mutation: You occasionally shout uncontrollably at
                  | your foes. [hidden defects]
  1326 | D:2      | Reached skill level 1 in Fighting
  1326 | D:2      | Reached XP level 4. HP: 18/25 MP: 1/7
  1345 | D:2      | Gained mutation: You are frail. (-10% HP) [hidden defects]
  1345 | D:2      | Lost mutation: You have hidden genetic defects. [hidden
                  | defects expressed]
  1433 | D:2      | Identified the +4 sling of the Cup {flame, Will+}
  1502 | D:2      | Reached skill level 1 in Ranged Weapons
  1845 | D:3      | Found a snail-covered altar of Cheibriados.
  1904 | D:3      | You fall into a shaft and drop 3 floors!
  1923 | D:5      | Entered Level 5 of the Dungeon
  1923 | D:5      | Noticed Ijyb
  1923 | D:5      | Noticed a scorpion
  1927 | D:5      | HP: 1/22 [disintegration (9)]
  1933 | D:5      | HP: 1/22 [scorpion (2)]
  1935 | D:5      | Blown up by Ijyb

Illustrated notes

Levels and vault maps discovered:
D:1:      psy_arrival_fountain, layout_basic, serial_glass, glass_columns_c,
          glass_columns_c
D:2:      layout_rooms
D:3:      layout_rooms, zin_academy, grunt_temple_overflow_open, slow_altar_1
D:5:      nicolae_cairo_tiling_very_big, layout_loops_ring,
          nicolae_hepliaklqana_hippocampus, minmay_increasing_density,
          uniq_prince_ribbit1, uniq_crazy_yiuf_cottage, uniq_ijyb
D:6:      layout_cave_pods, chequers_serial_rivers_large_a, water_boxes_lemuel,
          uniq_blork_the_orc

Skill      XL: |  1  2  3  4 |
---------------+-------------+-----
Earth Magic    | 4 |  4.8
Fighting       | 1 |  1.0
Ranged Weapons | 1 |  1.1
Spellcasting   | 3 |  3.0
Armour         | |  0.8
Dodging        | |  1.7
Stealth        | |  2.2
Transmutations | |  0.8

Action                   |  1- 3 |  4- 6 || total
-------------------------+-------+-------++-------
 Fire: Sling             |    13 |    11 ||    24
Throw: Stone             |     3 |       ||     3
 Cast: Sandblast         |    31 |    22 ||    53
       Passwall          |     4 |       ||     4
  Use: Scroll            |     2 |     3 ||     5
       Potion            |     1 |     1 ||     2
Armor: Robe              |     1 |       ||     1
       Leather armour    |     1 |    14 ||    15
Dodge: Dodged            |     3 |    19 ||    22

Table legend: (Time is in decaauts)
 A = Elapsed time spent in this place.
 B = Non-inter-level travel time spent in this place.
 C = Inter-level travel time spent in this place.
 D = Time resting spent in this place.
 E = Time spent auto-exploring this place.
 F = Levels seen in this place.
 G = Mean time per level.
                   A        B        C        D        E       F      G
               +--------+--------+--------+--------+--------+-----+--------+
         Total |   1969 |   1891 |     78 |    375 |   1111 |   5 |  393.8 |
       Dungeon |   1969 |   1891 |     78 |    375 |   1111 |   5 |  393.8 |
               +--------+--------+--------+--------+--------+-----+--------+

Top non-repeatable levels by time:
     D:1: 981 daAuts
     D:2: 772 daAuts
     D:3: 179 daAuts
     D:6: 19 daAuts
     D:5: 16 daAuts
